 Dungeon Crawl Stone Soup version 0.27-a0-1513-g2aaa0cc67b (webtiles) character file.

Game seed: 4547618345050501153

7431 Spaninq the Thaumaturge (level 11, -1/97 HPs)
             Began as a Djinni Fire Elementalist on July 9, 2021.
             Was a High Priest of the Shining One.
             Slain by a boulder beetle (21 damage)
             ... on level 10 of the Dungeon.
             The game lasted 00:43:39 (12866 turns).

Spaninq the Thaumaturge (Djinni Fire Elementalist) Turns: 12866, Time: 00:43:40

Health: -1/97      AC: 25    Str:  7    XL:     11   Next: 37%
Gold:   827        EV:  2    Int: 19    God:    the Shining One [*****.] SH:  5 Dex: 21

rFire    + . .     SeeInvis .   z - staff of fire
rCold    . . .     Faith    .   a - +0 buckler
rNeg     + + +     Spirit   .   (armour currently unavailable)
rPois    ∞         Reflect  .   (helmet currently unavailable)
rElec    .         Harm     .   (cloak currently unavailable)
rCorr    .         Rampage  .   (gloves currently unavailable)
Will     +....     NoTele   +   (boots unavailable)
Stlth    +.........             (no amulet)
HPRegen  0.26/turn              j - +6 ring of dexterity
MPRegen  0.00/turn              y - ring of positive energy

@: tree-form, glowing
A: stationary, stasis, torment immunity, boosted hp, sickness immunity, (fire
resistance 2), (cold vulnerability 1), float, innate caster, hp casting, extra
vitality 1
a: Renounce Religion, Divine Shield, Cleansing Flame, Summon Divine Warrior


You were on level 10 of the Dungeon.
You worshipped the Shining One.
The Shining One was extremely pleased with you.
You were a tree.
You visited 2 branches of the dungeon, and saw 11 of its levels.
You also visited: Ossuary.

You collected 1201 gold pieces.
You spent 374 gold pieces at shops.

Inventory:

Hand Weapons
 s - a +5 vorpal dagger
Armour
 a - a +0 buckler (worn)
 h - a +2 robe of willpower (melded)
 k - a +2 helmet (melded)
Magical Staves
 z - a staff of fire (weapon)
Jewellery
 j - a +6 ring of dexterity (left branch)
 y - a ring of positive energy (right branch)
 B - an amulet of faith
Wands
 u - a wand of flame (22)
 A - a wand of charming (8)
Scrolls
 f - 5 scrolls of teleportation
 m - 2 scrolls of fog
 o - 2 scrolls of blinking
 v - a scroll of holy word
 x - 6 scrolls of identify
Potions
 c - a potion of magic {unknown}
 d - 3 potions of invisibility {unknown}
 e - a potion of ambrosia {unknown}
 g - a potion of brilliance
 i - a potion of might
 l - 3 potions of degeneration {unknown}
 n - 4 potions of mutation
 p - a potion of lignification
 q - 5 potions of curing {unknown}
 r - 5 potions of attraction
 t - 2 potions of resistance
 w - 3 potions of flight {unknown}


   Skills:
 - Level 2.3 Dodging
 - Level 1.7 Stealth
 + Level 2.6 Shields
 * Level 11.9 Spellcasting
 - Level 6.0 Invocations


You had 5 spell levels left.
You knew the following spells:

 Your Spells              Type           Power      Damage    Failure   Level
a - Foxfire               Conj/Fire      100%       2x1d9     1%          1
b - Conjure Flame         Conj/Fire      71%        6-21      1%          3
c - Inner Flame           Hex/Fire       71%        N/A       1%          3
d - Sticky Flame          Conj/Fire      71%        2d8       1%          4
e - Fireball              Conj/Fire      35%        3d15      1%          5
f - Apportation           Tloc           100%       N/A       1%          1
g - Wereblood             Tmut           54%        N/A       1%          2
h - Slow                  Hex            54%        N/A       1%          2
i - Stone Arrow           Conj/Erth      100%       3d13      1%          3
j - Fulminant Prism       Conj/Hex       27%        3d14      1%          4
Your spell library was empty.

Dungeon Overview and Level Annotations

Branches:
Dungeon (10/15)            Temple (1/1) D:5         Ossuary (visited)
   Lair: D:8-11         Orc: D:9-12

Altars:
Ashenzari
Cheibriados
Dithmenos
Elyvilon
Fedhas
Gozag
Hepliaklqana
Kikubaaqudgha
Makhleb
Nemelex Xobeh
Okawaru
Qazlal
Ru
Sif Muna
Trog
Uskayaw
Vehumet
Wu Jian
Xom
Yredelemnul
Zin
The Shining One

Shops:
D:7 (   D:9 [*[?[


Innate Abilities, Weirdness & Mutations

You are a tree.
Your roots penetrate the ground, keeping you stationary.
You cannot be teleported.
You are immune to unholy pain and torment.
Your maximum health is greatly increased.
Your equipment is partially melded.
You are immune to sickness and miasma.
You are immune to poison.
((Your flesh is very heat resistant. (rF++)))
((You are vulnerable to cold. (rC-)))
You float through the air rather than walking.
You learn spells naturally, not from books.
Your magical power is your life essence.
You have superior vitality. (+4 HP)


Message History

Aim: a boulder beetle (moderately wounded, rolling, haloed)
You feel a surge of power!
The fireball explodes!
The fireball engulfs the boulder beetle!
The boulder beetle is heavily wounded.
The boulder beetle hits you!!!
Ouch! That really hurt!
* * * LOW HITPOINT WARNING * * *
The boulder beetle stops rolling and uncurls.
Casting: Fireball (dangerous; 1% risk of failure)
Confirm with . or Enter, or press ? or * to list all spells.
Aiming: Sticky Flame (dangerous; 1% risk of failure)
Press: ? - help, Shift-Dir - straight line, f/p - boulder beetle
Aim: a boulder beetle (heavily wounded, haloed, 100% to hit)
You feel a surge of power!
The sticky flame hits the boulder beetle but does no damage.
The boulder beetle is heavily wounded.
The boulder beetle is covered in liquid flames!
* * * LOW HITPOINT WARNING * * *
The boulder beetle burns!
The boulder beetle closely misses you.
You feel much better.
The boulder beetle burns!
The boulder beetle misses you.
Casting: Sticky Flame (dangerous; 1% risk of failure)
Confirm with . or Enter, or press ? or * to list all spells.
Aiming: Fireball (dangerous; 1% risk of failure)
Press: ? - help, Shift-Dir - straight line, f/p - boulder beetle
Aim: a boulder beetle (heavily wounded, covered in liquid flames, haloed)
You feel a surge of power! That beam is likely to hit you.
Continue anyway?
The fireball explodes!
The fireball engulfs the boulder beetle!
The boulder beetle is severely wounded.
The fireball engulfs you. You resist.
* * * LOW HITPOINT WARNING * * *
x2 The boulder beetle burns!
The boulder beetle bites you.
* * * LOW HITPOINT WARNING * * *
Really quaff the potion of lignification?
You turn into a tree.
Your +2 helmet melds into your body.
Your +2 robe of willpower melds into your body.
You feel less strong-willed.
Your roots penetrate the ground.
The boulder beetle burns!
The boulder beetle bites you!!
You die...

##########################
........................○○
..........................
..######........♣B..#....#
..# #.....>......# ...#
..######............#....#
....................#....#
........................ .
.###########..........#
.#.........#..........#
.#.........#..........#
.#.........#.#........#


You could see a boulder beetle (burning).

Vanquished Creatures
  2 two-headed ogres (D:8)
  Pikel (D:6)
  Grinder (D:4)
  The ghost of Dittersdorf the Covered, an amateur GrFi (D:3)
  Sigmund (D:2)
  A wraith (D:10)
  6 yaks (D:9)
  2 wyverns
  Menkaure (D:7)
  2 water moccasins (D:6)
  Duvessa (D:7)
  An orc warrior (D:8)
  Purgy (D:4)
  A sky beast (D:6)
  A hornet zombie (D:6)
  2 black bears
  2 ogres
  4 centaurs
  A kobold brigand (D:10)
  3 lemures (D:6)
  3 phantoms
  5 bullfrogs
  A wyvern zombie (D:7)
  2 scorpions
  4 water moccasin zombies (Ossuary)
  Dowan (D:7)
  A wyvern skeleton (D:6)
  2 water moccasin skeletons
  4 wights (D:9)
  5 howler monkeys
  2 centaur zombies
  A bullfrog zombie (D:6)
  2 jellies (D:6)
  2 hounds
  2 bullfrog skeletons
  A centaur skeleton (D:7)
  An iguana (D:4)
  2 orc priests
  2 gnoll shamans (D:6)
  Natasha (thrice) (D:3)
  2 orc wizards (D:6)
  Terence (D:3)
  3 killer bee zombies
  A howler monkey zombie (D:8)
  2 mummies (Ossuary)
  Robin (D:3)
  A howler monkey skeleton (D:3)
  7 adders
  2 adder zombies (Ossuary)
  An adder skeleton (D:4)
  A worm (D:2)
  2 dart slugs
  22 orcs
  2 bats (D:1)
  3 endoplasms
  A giant cockroach (D:4)
  3 gnoll zombies (Ossuary)
  12 goblins
  11 hobgoblins
  5 jackals
  7 kobolds
  3 quokkas
  5 ball pythons
  7 hobgoblin zombies (Ossuary)
  5 kobold zombies (Ossuary)
  4 orc zombies (Ossuary)
  3 rats
198 creatures vanquished.

Vanquished Creatures (collateral kills)
  2 foxfires
2 creatures vanquished.

Vanquished Creatures (others)
  464 foxfires
  A fungus (D:5)
  7 plants (D:3)
  3 toadstools (D:5)
475 creatures vanquished.

Grand Total: 675 creatures vanquished

Notes
Turn   | Place    | Note
-------+----------+-------------------------------------------
     0 | D:1      | Spaninq the Djinni Fire Elementalist began the quest for
                  | the Orb.
     0 | D:1      | Reached XP level 1. HP: 15/15 MP: 0/0
   473 | D:1      | Reached XP level 2. HP: 16/21 MP: 0/0
  1250 | D:2      | Noticed Sigmund
  1350 | D:2      | Reached skill level 3 in Spellcasting
  1477 | D:2      | Reached XP level 3. HP: 14/25 MP: 0/0
  1477 | D:2      | Learned a level 1 spell: Apportation
  1785 | D:2      | Found a faded altar of an unknown god.
  1798 | D:2      | Became a worshipper of the Shining One
  1798 | D:2      | Reached * piety under the Shining One
  2130 | D:2      | Reached XP level 4. HP: 22/31 MP: 0/0
  2614 | D:3      | Noticed Natasha
  2618 | D:3      | Killed Natasha
  2682 | D:3      | Found a burning altar of Makhleb.
  2733 | D:3      | Found a transporter.
  2733 | D:3      | Found a transporter.
  2733 | D:3      | Noticed Dittersdorf's ghost (amateur GrFi)
  2765 | D:3      | Noticed Natasha
  2771 | D:3      | Killed Natasha
  2772 | D:3      | Reached skill level 4 in Spellcasting
  2772 | D:3      | Reached XP level 5. HP: 25/35 MP: 0/0
  2772 | D:3      | Learned a level 2 spell: Wereblood
  2876 | D:3      | Noticed Robin
  2882 | D:3      | Killed Robin
  3005 | D:3      | Noticed Natasha
  3008 | D:3      | Killed Natasha
  3273 | D:3      | Noticed Terence
  3295 | D:3      | Killed Terence
  3296 | D:3      | Reached XP level 6. HP: 20/40 MP: 0/0
  3490 | D:3      | Found a glowing golden altar of the Shining One.
  3836 | D:4      | Noticed a black bear
  3841 | D:4      | Killed a black bear
  3842 | D:4      | Reached skill level 5 in Spellcasting
  4054 | D:4      | Reached ** piety under the Shining One
  4083 | D:4      | Noticed Purgy
  4093 | D:4      | Killed Purgy
  4094 | D:4      | Reached XP level 7. HP: 28/45 MP: 0/0
  4094 | D:4      | Learned a level 2 spell: Slow
  4291 | D:4      | Reached skill level 6 in Spellcasting
  4370 | D:4      | Noticed Grinder
  4378 | D:4      | Killed Grinder
  4553 | D:4      | Found a hazy altar of Hepliaklqana.
  4654 | D:5      | Entered Level 5 of the Dungeon
  4676 | D:5      | Found an iron altar of Okawaru.
  4698 | D:5      | Identified the +5 plate armour of Devotion {rPois rC- rN+}
  4777 | D:5      | Reached XP level 8. HP: 46/50 MP: 0/0
  4882 | D:5      | Identified the +0 robe of Deeply Unsettling Awe {Fly Str+3}
  4952 | D:5      | Reached skill level 7 in Spellcasting
  5112 | D:5      | You are sucked into a shaft and drop 3 floors!
  5259 | D:8      | Noticed a two-headed ogre
  5294 | D:8      | Noticed a two-headed ogre
  5352 | D:7      | Noticed Dowan
  5359 | D:7      | Found Niwnienk's Weapon Emporium.
  5362 | D:7      | Noticed Duvessa
  5440 | D:6      | Reached skill level 8 in Spellcasting
  5477 | D:6      | Found a sand-covered staircase.
  5488 | Ossuary  | Entered an ossuary
  5723 | Ossuary  | Reached *** piety under the Shining One
  5842 | Ossuary  | Reached XP level 9. HP: 37/55 MP: 0/0
  5842 | Ossuary  | Learned a level 3 spell: Stone Arrow
  6167 | Ossuary  | Reached **** piety under the Shining One
  6653 | D:5      | Reached skill level 9 in Spellcasting
  6883 | D:5      | Found a staircase to the Ecumenical Temple.
  6890 | Temple   | Entered the Ecumenical Temple
  7260 | D:2      | Killed Sigmund
  7480 | D:3      | Killed Dittersdorf's ghost
  7982 | D:6      | Noticed Pikel
  8000 | D:6      | Killed Pikel
  8001 | D:6      | Reached skill level 10 in Spellcasting
  8603 | D:6      | Reached skill level 1 in Invocations
  8603 | D:6      | Reached XP level 10. HP: 41/60 MP: 0/0
  8797 | D:6      | Reached ***** piety under the Shining One
  9352 | D:6      | Found a bloodstained altar of Trog.
  9478 | D:7      | Found a stormy altar of Qazlal.
  9479 | D:7      | Killed Duvessa
  9911 | D:7      | Found a broken altar of Ashenzari.
  9911 | D:7      | Noticed Menkaure
  9913 | D:7      | Killed Menkaure
 10154 | D:7      | Found a glowing silver altar of Zin.
 10291 | D:7      | Killed Dowan
 10308 | D:8      | Reached skill level 11 in Spellcasting
 10641 | D:8      | Killed a two-headed ogre
 10809 | D:8      | Found a hide-covered altar of Uskayaw.
 10921 | D:8      | Killed a two-headed ogre
 10922 | D:8      | Reached skill level 5 in Invocations
 10922 | D:8      | Reached XP level 11. HP: 41/65 MP: 0/0
 10922 | D:8      | Learned a level 4 spell: Fulminant Prism
 11194 | D:8      | Found a sparkling altar of Nemelex Xobeh.
 11446 | D:9      | Found Reritu's Armour Boutique.
 11454 | D:9      | Bought a +0 buckler for 49 gold pieces
 11555 | D:9      | Found a shadowy altar of Dithmenos.
 11590 | D:9      | Found Bani's Magic Scroll Shoppe.
 11663 | D:9      | Reached skill level 1 in Shields
 11990 | D:9      | Found Okylogra's Antique Armour Shoppe.
 12169 | D:9      | Found Xaarchif's Armour Boutique.
 12388 | D:9      | Found Utiyjea's General Store.
 12395 | D:9      | Bought a staff of fire for 325 gold pieces
 12441 | D:10     | Entered Level 10 of the Dungeon
 12857 | D:10     | Noticed a boulder beetle
 12866 | D:10     | Slain by a boulder beetle

Illustrated notes

Levels and vault maps discovered:
D:1:      ncdulo_lavacross, layout_basic, chequers_serial_rivers_micro_d
D:2:      layout_loops_corners, shapermc_ecumenical_altar_starsandcircs,
          serial_park_tiny_2, minmay_misc_feat_four_crosses, minmay_distorted,
          uniq_sigmund
D:3:      layout_rooms, mainiacjoe_overflow_catch_the_wave,
          mainiacjoe_overflow_cross_hatched, gammafunk_ghost_mausoleum,
          uniq_terence, uniq_natasha, uniq_robin
D:4:      layout_gridville, nzn_hepliaklqana_mist_gate, uniq_purgy, uniq_grinder
D:5:      layout_basic, okawaru_ov_weapons_minmay, minmay_temple_entry_trees,
          minmay_gold_behind_fungi, water_maze_lemuel
D:6:      minmay_polygon_palace, layout_basic, lightli_temple_of_fire,
          mainiacjoe_overflow_24_doors, nicolae_ossuary_entry_monument,
          uniq_pikel
D:7:      layout_cave_pools, kennysheep_little_box, grunt_temple_overflow_open,
          serial_shops, shop, uniq_menkaure, uniq_duvessa
D:8:      layout_loops_ring, nemelex_spade_bored_becter, kennysheep_mini
D:9:      layout_irregular_city, nicolae_overflow_crystal_walls, serial_shops,
          nicolae_diamond_shop, kennysheep_mini_moat, nicolae_shop_behind_doors,
          shop_fountains, shop
D:10:     layout_stronghold, grunt_ministairs_4
Temple:   compressed_dpeg_triangle_lava_temple

Skill      XL: |  1  2  3  4  5  6  7  8  9 10 11 |
---------------+----------------------------------+-----
Spellcasting   | 3 4 5 6 8 10 11 | 11.9
Invocations    | 1 5 6 |  6.0
Shields        | 2 |  2.6
Dodging        | |  2.3
Stealth        | |  1.7

Action                   |  1- 3 |  4- 6 |  7- 9 | 10-12 || total
-------------------------+-------+-------+-------+-------++-------
Melee: Short sword       |     5 |     3 |     2 |       ||    10
       Dagger            |       |       |    13 |     3 ||    16
 Cast: Foxfire           |    55 |    92 |   126 |     1 ||   274
       Sticky Flame      |       |     2 |    31 |     7 ||    40
       Fireball          |       |       |    20 |    81 ||   101
       Conjure Flame     |       |       |     1 |       ||     1
       Stone Arrow       |       |       |       |     3 ||     3
Invok: Divine Shield     |       |       |     1 |       ||     1
  Use: Scroll            |       |       |    10 |     4 ||    14
       Potion            |       |       |     9 |     2 ||    11
Armor: Robe              |     1 |     1 |    19 |     5 ||    26
Dodge: Dodged            |     3 |    17 |    68 |    18 ||   106
Block: Buckler           |       |       |       |     1 ||     1

Table legend: (Time is in decaauts)
 A = Elapsed time spent in this place.
 B = Non-inter-level travel time spent in this place.
 C = Inter-level travel time spent in this place.
 D = Time resting spent in this place.
 E = Time spent auto-exploring this place.
 F = Levels seen in this place.
 G = Mean time per level.
                   A        B        C        D        E       F      G
               +--------+--------+--------+--------+--------+-----+--------+
         Total |  12836 |  12362 |    474 |   2419 |   8361 |  12 | 1069.7 |
       Dungeon |  11843 |  11383 |    460 |   1875 |   8092 |  10 | 1184.3 |
        Temple |    234 |    220 |     14 |      0 |    219 |   1 |  234.0 |
       Ossuary |    757 |    757 |      0 |    544 |     50 |   1 |  757.0 |
               +--------+--------+--------+--------+--------+-----+--------+

Top non-repeatable levels by time:
     D:6: 2037 daAuts
     D:3: 1688 daAuts
     D:2: 1512 daAuts
     D:8: 1369 daAuts
     D:1: 1181 daAuts
     D:5: 1153 daAuts
     D:9: 997 daAuts
     D:4: 918 daAuts
 Ossuary: 757 daAuts
     D:7: 559 daAuts
    D:10: 424 daAuts
  Temple: 234 daAuts
